 Dungeon Crawl Stone Soup version 0.24-a0-769-g368c1644f8 (webtiles) character file.

Game seed: 13106756669515413879, levelgen mode: deterministic

67 MalarOregon the Caller (level 3, 0/28 HPs)
             Began as a Draconian Summoner on Oct 4, 2019.
             Slain by a centaur (4 damage)
             ... on level 5 of the Dungeon.
             The game lasted 00:04:53 (2273 turns).

MalarOregon the Caller (Draconian Summoner)         Turns: 2273, Time: 00:04:54

Health: 0/28       AC:  5    Str: 10    XL:     3   Next: 98%
Magic:  1/6        EV: 12    Int: 16    God:
Gold:   51         SH:  0    Dex: 11    Spells: 6/7 levels left

rFire    . . .     SeeInvis .   (no weapon)
rCold    . . .     Gourm    .   (no shield)
rNeg     . . .     Faith    .   (armour unavailable)
rPois    .         Spirit   .   (helmet restricted)
rElec    .         Reflect  .   (no cloak)
rCorr    .         Harm     .   (no gloves)
MR       .....                  (no boots)
Stlth    ++........             (no amulet)
HPRegen  0.09/turn              (no ring)
MPRegen  0.10/turn              (no ring)

@: no status effects
A: unfitting armour, cold-blooded, AC +5
a: no special abilities


You were on level 5 of the Dungeon.
You were not hungry.

You visited 1 branch of the dungeon, and saw 5 of its levels.

You collected 51 gold pieces.

Inventory:

Potions
 b - a potion of ambrosia
Comestibles
 a - 3 chunks of flesh
 e - 5 rations {!d}


   Skills:
 + Level 1.4 Fighting
 + Level 2.2 Dodging
 - Level 1.7 Stealth
 + Level 2.5 Spellcasting
 * Level 4.7 Summonings


You had 6 spell levels left.
You knew the following spells:

 Your Spells              Type           Power        Failure   Level  Hunger
a - Summon Small Mammal   Summ           ###.         2%          1    #......

Your spell library contained the following spells:

 Spells                   Type           Power        Failure   Level  Hunger
 Call Imp                 Summ           ###.....     4%          2    ##.....
 Call Canine Familiar     Summ           ###.....     9%          3    ###....
 Summon Guardian Golem    Hex/Summ       #.......     22%         3    ###....
 Summon Ice Beast         Ice/Summ       #.......     58%         4    #####..
 Summon Lightning Spire   Summ/Air       #.......     58%         4    #####..


Dungeon Overview and Level Annotations

Branches:
Dungeon (6/15)             Temple (0/1) D:5

Altars:
Hepliaklqana
Xom


Innate Abilities, Weirdness & Mutations

Your plain brown scales are hard. (AC +5)
You cannot fit into any form of body armour.
You are cold-blooded and may be slowed by cold attacks.


Message History

What are your orders? t - Shout!
Orders for allies: a - Attack new target. r - Retreat! s - Stop attacking. g - Guard the area. f - Follow me.
Anything else - Cancel.
Okay, then.
As you read the scroll labeled LUQOYCUZUYHY, it crumbles to dust.
It is a scroll of identify.
b - a potion of ambrosia The centaur hits you.
The centaur barely misses you.
As you read the scroll labeled NABBEU UMAYSCHI, it crumbles to dust.
You hear a loud clanging noise!
It was a scroll of noise.
You hear an angry hiss.
The centaur hits you.
As you read the scroll labeled XUHEXK KAEPNO, it crumbles to dust.
You feel blessed for a moment.
It was a scroll of remove curse.
The centaur hits you.
* * * LOW HITPOINT WARNING * * *
The centaur hits you but does no damage.
You aren't carrying any scrolls.
Unknown command.
It was a potion of heal wounds.
You feel much better. The centaur hits you.
You swap places.
Your quokka bites the centaur but does no damage.
The centaur barely misses your quokka. The centaur hits your quokka!
Your quokka dies!
Your quokka's corpse disappears in a puff of smoke!
The centaur shouts!
Things that are here:
a +0 chain mail; an orc corpse You hear an angry hiss.
The centaur hits you!
Items here: (( )) [ † Unknown command.
Okay, then.
Unknown command.
You barely miss the centaur. The centaur hits you.
* * * LOW HITPOINT WARNING * * *
The centaur hits you.
* * * LOW HITPOINT WARNING * * *
You barely miss the centaur.
You tail-slap the centaur, but do no damage.
A leopard gecko comes into view.
The centaur hits you.
* * * LOW HITPOINT WARNING * * *
The leopard gecko hisses angrily.
You hit the centaur but do no damage. The centaur hits you.
You die...

#.#.####...#
#.#.# #####
#)#.# #####
#.#.#......
#.#l..#
#..#### ##.#
#c# #@# #[#
#.# #.#
#######.#
........#
#########


You could see a centaur and a leopard gecko.

Vanquished Creatures
  An adder (D:2)
  An adder skeleton (D:2)
  A dart slug (D:1)
  3 bats (D:1)
  A giant cockroach (D:1)
  2 goblins (D:2)
  2 hobgoblins
  4 kobolds
  2 frilled lizards (D:2)
  3 rats
20 creatures vanquished.

Vanquished Creatures (collateral kills)
  A worker ant zombie (D:5)
  An adder (D:3)
  An ooze (D:1)
  A worm (D:5)
  A dart slug (D:1)
  5 orcs (D:5)
  A ball python (D:1)
  A bat (D:3)
  2 giant cockroaches
  4 goblins
  3 hobgoblins
  3 kobolds
24 creatures vanquished.

Grand Total: 44 creatures vanquished

Notes
Turn   | Place    | Note
-------+----------+-------------------------------------------
     0 | D:1      | MalarOregon the Draconian Summoner began the quest for the
                  | Orb.
     0 | D:1      | Reached XP level 1. HP: 14/14 MP: 3/3
   207 | D:1      | Reached XP level 2. HP: 16/22 MP: 1/5
   783 | D:2      | Reached skill level 1 in Fighting
  1217 | D:2      | Reached XP level 3. HP: 25/28 MP: 4/6
  1252 | D:2      | Found a shimmering altar of Xom.
  1253 | D:2      | Found a hazy altar of Hepliaklqana.
  1253 | D:2      | Noticed a wyvern
  1254 | D:2      | Noticed a wyvern
  1254 | D:2      | Noticed a spectral ugly thing
  2103 | D:3      | You fall into a shaft and drop 3 floors!
  2159 | D:5      | Entered Level 5 of the Dungeon
  2159 | D:5      | Found a staircase to the Ecumenical Temple.
  2257 | D:5      | Noticed a centaur
  2273 | D:5      | Slain by a centaur

Levels and vault maps discovered:
D:1:      scummos_arrival_star, layout_basic, hangedman_decor_peaks_small
D:2:      layout_basic, regret_index_temple_of_mockery, minmay_goblin_outpost
D:3:      layout_loops_ring, portal_sewer_entry_e,
          chequers_ecumenical_altar_lobes
D:5:      layout_basic, nicolae_gozag_seed_capital,
          minmay_temple_entry_sparse_star, minmay_misc_feat_four_crosses,
          uniq_ijyb, uniq_eustachio
D:6:      layout_loops_ring

Skill      XL: |  1  2 |
---------------+-------+-----
Dodging        | 2 |  2.2
Fighting       | 1 |  1.4
Stealth        | |  1.7
Spellcasting   | |  2.5
Summonings     | |  4.7

Action                   || total
-------------------------++-------
Melee: Unarmed           ||   172
       Tailslap          ||    20
 Cast: Summon Small Mamm ||    56
  Use: Scroll            ||     3
       Potion            ||     1
 Stab: Sleeping          ||     2
  Eat: Chunk             ||     5
Armor: Skin              ||    64
Dodge: Dodged            ||   121

Table legend:
 A = Non-vault XP
 B = Vault XP
 C = Vault XP percentage of total XP
 D = Non-vault monster count
 E = Vault monster count
 F = Vault count percentage of total count
                 A         B        C        D         E       F
            +---------+---------+-------+---------+---------+-------
      Total |      91 |       5 |   5.2 |      41 |       3 |   6.8
            +---------+---------+-------+---------+---------+-------
        D:1 |      27 |       0 |   0.0 |      14 |       0 |   0.0
        D:2 |      24 |       5 |  17.2 |      12 |       3 |  20.0
        D:3 |      17 |       0 |   0.0 |       7 |       0 |   0.0
        D:5 |      23 |       0 |   0.0 |       8 |       0 |   0.0
            +---------+---------+-------+---------+---------+-------
